CBL
ERIE SEAWOLVES @ CHINA GROVE SAMURAI
08/06/2056
 
TOP OF THE 1ST
Erie Seawolves batting - Pitching for China Grove Samurai : RHP Dave Touchton
Pitching: RHP Dave Touchton
Batting: SHB Joey Trojanowski 0-0: Fly out, F9 (Line Drive, 9S, EV 95.6 MPH)
Batting: LHB Josh Hicks 0-0: Foul Ball, location: 2F
0-1: Foul Ball, location: 5DF
0-2: Strikes out swinging
Batting: RHB Esteban Reyes 0-0: Fly out, F7 (Line Drive, 7S, EV 90.6 MPH)
Top of the 1st over - 0 runs, 0 hits, 0 errors, 0 left on base; Erie 0 - China Grove 0
BOTTOM OF THE 1ST
China Grove Samurai batting - Pitching for Erie Seawolves : RHP Lou Cowick
Pitching: RHP Lou Cowick
Batting: RHB Don Schiefer 0-0: Swinging Strike
0-1: Foul Ball, location: 9LSF
0-2: Strikes out swinging, 2-3 out at first.
Batting: LHB Vince Tilbury 0-0: Called Strike
0-1: Ball
1-1: Ball
2-1: Ball
3-1: Called Strike
3-2: Ground out 6-3 (Groundball, 6, EV 82.5 MPH)
Batting: SHB Aurelio Cruz 0-0: Ball
1-0: Ball
2-0: Called Strike
2-1: Foul Ball, location: 23FF
2-2: Ball
3-2: Ground out U3 (Groundball, 3L, EV 80.0 MPH)
Bottom of the 1st over - 0 runs, 0 hits, 0 errors, 0 left on base; Erie 0 - China Grove 0
TOP OF THE 2ND
Erie Seawolves batting - Pitching for China Grove Samurai : RHP Dave Touchton
Batting: LHB Clarence Bellotti 0-0: Ball
1-0: Foul Ball, location: 3DF
1-1: Foul Ball, location: 2F
1-2: SINGLE (Groundball, 4MD, EV 103.8 MPH)
Batting: SHB Dexter Morgan 0-0: Ball
1-0: Ball
2-0: Grounds into double play, U3-6 (Groundball, 3L, EV 84.4 MPH)
Batting: LHB César Lerma 0-0: Ball
1-0: Called Strike
1-1: Foul Ball, location: 2LF
1-2: Ball
2-2: Ball
3-2: Strikes out swinging
Top of the 2nd over - 0 runs, 1 hit, 0 errors, 0 left on base; Erie 0 - China Grove 0
BOTTOM OF THE 2ND
China Grove Samurai batting - Pitching for Erie Seawolves : RHP Lou Cowick
Batting: LHB Kisuke Kaneko 0-0: Ball
1-0: Called Strike
1-1: Swinging Strike
1-2: Foul Ball, location: 7LSF
1-2: Ball
2-2: Foul Ball, location: 7LDF
2-2: Strikes out swinging
Batting: RHB Juan Geibel 0-0: Ball
1-0: SINGLE (Line Drive, 8LS, EV 105.6 MPH)
Batting: RHB Sergio Gonzáles 0-0: Ball
1-0: Ball
2-0: Sac Bunt - play at second, runner OUT -> throw to first, DP!
Bottom of the 2nd over - 0 runs, 1 hit, 0 errors, 0 left on base; Erie 0 - China Grove 0
Bottom of the 2nd over - 0 runs, 1 hit, 0 errors, 0 left on base; Erie 0 - China Grove 0
TOP OF THE 3RD
Erie Seawolves batting - Pitching for China Grove Samurai : RHP Dave Touchton
Batting: RHB Alvin Lizak 0-0: Fly out, F4 (Popup, 4M, EV 53.1 MPH)
Batting: RHB Joe Ianniello 0-0: Ball
1-0: Called Strike
1-1: Ball
2-1: Called Strike
2-2: Ground out 5-3 (Groundball, 56, EV 84.4 MPH)
Batting: RHB Don Lichtenauer 0-0: Called Strike
0-1: Ball
1-1: Ball
2-1: Swinging Strike
2-2: Fly out, F8 (Flyball, 8LXD, EV 97.5 MPH)
Top of the 3rd over - 0 runs, 0 hits, 0 errors, 0 left on base; Erie 0 - China Grove 0
BOTTOM OF THE 3RD
China Grove Samurai batting - Pitching for Erie Seawolves : RHP Lou Cowick
Batting: SHB Liam Imasa 0-0: Called Strike
0-1: Ball
1-1: Foul Ball, location: 9LMF
1-2: Fly out, F7 (Flyball, 78S, EV 86.9 MPH)
Batting: RHB Lúcio Zendejas 0-0: DOUBLE (Line Drive, 78D, EV 98.8 MPH)
Batting: RHB Chris Tollett 0-0: Swinging Strike
0-1: Foul Ball, location: 9LSF
0-2: Strikes out swinging
Batting: RHB Don Schiefer 0-0: Foul Ball, location: 3SF
0-1: Ball
1-1: Ball
2-1: Foul Ball, location: 2F
2-2: SINGLE (Flyball, 34D, EV 89.4 MPH)
Lúcio Zendejas to third
Runner from 3rd tries for Home, SAFE, throw by RF to home
Batting: LHB Vince Tilbury 0-0: Ground out 5-3 (Groundball, 56S, EV 68.8 MPH)
Bottom of the 3rd over - 1 run, 2 hits, 0 errors, 1 left on base; Erie 0 - China Grove 1
TOP OF THE 4TH
Erie Seawolves batting - Pitching for China Grove Samurai : RHP Dave Touchton
Batting: SHB Joey Trojanowski 0-0: Foul Ball, location: 2F
0-1: Foul Ball, location: 5F
0-2: Ball
1-2: Ball
2-2: Ground out 3-1 (Groundball, 34S, EV 84.4 MPH)
Batting: LHB Josh Hicks 0-0: Ball
1-0: Called Strike
1-1: Ball
2-1: Ball
3-1: Foul Ball, location: 2F
3-2: Fly out, F8 (Line Drive, 8LS, EV 110.6 MPH)
Batting: RHB Esteban Reyes 0-0: Called Strike
0-1: Reached on error, E5 (Groundball, 5, EV 98.8 MPH)
Batting: LHB Clarence Bellotti 0-0: Ball
1-0: Foul Ball, location: 3F
1-1: Ball
2-1: Ball
3-1: Base on Balls
Esteban Reyes to second
Batting: SHB Dexter Morgan 0-0: Ball
1-0: SINGLE (Line Drive, 4MD, EV 103.8 MPH)
Esteban Reyes to third
Clarence Bellotti to second
Runner from 3rd tries for Home, SAFE, throw by CF to home
Batting: LHB César Lerma 0-0: SINGLE (Line Drive, 6D, EV 95.6 MPH)
Clarence Bellotti to third
Dexter Morgan to second
Runner from 3rd tries for Home, SAFE, throw by LF to home
Batting: RHB Alvin Lizak 0-0: Ball
1-0: Ball
2-0: Ball
3-0: Called Strike
3-1: Called Strike
3-2: Strikes out swinging
Top of the 4th over - 2 runs, 2 hits, 1 error, 2 left on base; Erie 2 - China Grove 1
BOTTOM OF THE 4TH
China Grove Samurai batting - Pitching for Erie Seawolves : RHP Lou Cowick
Batting: SHB Aurelio Cruz 0-0: Ball
1-0: Ball
2-0: Ball
3-0: Called Strike
3-1: Fly out, F8 (Flyball, 8LS, EV 93.8 MPH)
Batting: LHB Kisuke Kaneko 0-0: Swinging Strike
0-1: Ground out 6-3 (Groundball, 6, EV 82.5 MPH)
Batting: RHB Juan Geibel 0-0: Called Strike
0-1: Ball
1-1: Called Strike
1-2: Foul Ball, location: 2F
1-2: Ball
2-2: Foul Ball, location: 2F
2-2: Foul Ball, location: 9LDF
2-2: DOUBLE (Flyball, 8LXD, EV 90.0 MPH)
Batting: RHB Sergio Gonzáles 0-0: Called Strike
0-1: DOUBLE (Line Drive, 8RXD, EV 99.4 MPH)
Juan Geibel scores
Batting: SHB Liam Imasa 0-0: Ground out 3-1 (Groundball, 34, EV 96.9 MPH)
Bottom of the 4th over - 1 run, 2 hits, 0 errors, 1 left on base; Erie 2 - China Grove 2
TOP OF THE 5TH
Erie Seawolves batting - Pitching for China Grove Samurai : RHP Dave Touchton
Batting: RHB Joe Ianniello 0-0: Foul Ball, location: 2F
0-1: Ball
1-1: SINGLE (Line Drive, 89M, EV 106.3 MPH)
Batting: RHB Don Lichtenauer 0-0: Swinging Strike
0-1: Fly out, F9 (Flyball, 89D, EV 98.1 MPH)
Batting: SHB Joey Trojanowski 0-0: Swinging Strike
0-1: Fly out, F8 (Flyball, 8LD, EV 98.8 MPH)
Batting: LHB Josh Hicks 0-0: Ball
1-0: Called Strike
1-1: Ball
2-1: Fly out, F9 (Flyball, 9LS, EV 75.6 MPH)
Top of the 5th over - 0 runs, 1 hit, 0 errors, 1 left on base; Erie 2 - China Grove 2
BOTTOM OF THE 5TH
China Grove Samurai batting - Pitching for Erie Seawolves : RHP Lou Cowick
Batting: RHB Lúcio Zendejas 0-0: Ball
1-0: Swinging Strike
1-1: Ball
2-1: Ball
3-1: DOUBLE (Groundball, 3L, EV 106.9 MPH)
Batting: RHB Chris Tollett 0-0: Ball
1-0: Ball
2-0: Ground out 5-3 (Groundball, 56, EV 65.6 MPH)
Lúcio Zendejas to third
Batting: RHB Don Schiefer 0-0: Ball
1-0: Ball
2-0: Called Strike
2-1: SINGLE (Line Drive, 89M, EV 88.1 MPH)
Lúcio Zendejas scores
Batting: LHB Vince Tilbury 0-0: Called Strike
0-1: Ball
1-1: Called Strike
1-2: Ball
2-2: Fielders Choice at 2nd, 6-4 (Groundball, 6, EV 87.5 MPH)
Batting: SHB Aurelio Cruz 0-0: Ball
1-0: Ground out U3 (Groundball, 34, EV 87.5 MPH)
Bottom of the 5th over - 1 run, 2 hits, 0 errors, 1 left on base; Erie 2 - China Grove 3
TOP OF THE 6TH
Erie Seawolves batting - Pitching for China Grove Samurai : RHP Dave Touchton
Batting: RHB Esteban Reyes 0-0: SINGLE (Groundball, 34D, EV 95.6 MPH)
Batting: LHB Clarence Bellotti 0-0: Ball
1-0: Foul Ball, location: 9LSF
1-1: Ball
2-1: Called Strike
2-2: Strikes out swinging
Batting: SHB Dexter Morgan 0-0: Ball
1-0: Fly out, F7 (Flyball, 78D, EV 105.6 MPH)
Batting: LHB César Lerma 0-0: Called Strike
0-1: Called Strike
0-2: Ball
1-2: Strikes out looking
Top of the 6th over - 0 runs, 1 hit, 0 errors, 1 left on base; Erie 2 - China Grove 3
BOTTOM OF THE 6TH
China Grove Samurai batting - Pitching for Erie Seawolves : RHP Lou Cowick
Batting: LHB Kisuke Kaneko 0-0: Fly out, F6 (Line Drive, 6D, EV 69.4 MPH)
Batting: RHB Juan Geibel 0-0: Foul Ball, location: 9LSF
0-1: Ball
1-1: Foul Ball, location: 25FF
1-2: Ball
2-2: Strikes out swinging
Batting: RHB Sergio Gonzáles 0-0: Ball
1-0: Ground out 6-3 (Groundball, 6, EV 108.1 MPH)
Bottom of the 6th over - 0 runs, 0 hits, 0 errors, 0 left on base; Erie 2 - China Grove 3
TOP OF THE 7TH
Erie Seawolves batting - Pitching for China Grove Samurai : RHP Dave Touchton
Batting: RHB Alvin Lizak 0-0: Ball
1-0: Ground out U3 (Groundball, 3S, EV 88.8 MPH)
Batting: RHB Joe Ianniello 0-0: Called Strike
0-1: Called Strike
0-2: Ball
1-2: Strikes out swinging
Batting: RHB Don Lichtenauer 0-0: SINGLE (Line Drive, 7S, EV 105.6 MPH)
Batting: SHB Joey Trojanowski 0-0: Ground out 4-3 (Groundball, 4, EV 103.1 MPH)
Top of the 7th over - 0 runs, 1 hit, 0 errors, 1 left on base; Erie 2 - China Grove 3
BOTTOM OF THE 7TH
China Grove Samurai batting - Pitching for Erie Seawolves : RHP Lou Cowick
Batting: SHB Liam Imasa 0-0: Swinging Strike
0-1: Ball
1-1: SINGLE (Line Drive, 7LS, EV 98.8 MPH)
Batting: RHB Lúcio Zendejas 0-0: Called Strike
0-1: Swinging Strike
0-2: Foul Ball, location: 7LDF
0-2: Ball
1-2: Ball
2-2: Ball
3-2: SINGLE (Line Drive, 34D, EV 106.9 MPH)
Liam Imasa to second
Liam Imasa to third
Pitching: RHP Jim Wratchford
Batting: RHB Chris Tollett 0-0: Called Strike
0-1: Ball
1-1: Foul Ball, location: 5DF
1-2: Foul Ball, location: 2F
1-2: Ball
2-2: Foul Ball, location: 2F
2-2: Fly out, F7 (Flyball, 7LS, EV 99.4 MPH)
Batting: RHB Don Schiefer 0-0: Swinging Strike
0-1: Ball
1-1: Swinging Strike
1-2: Fly out, F4 (Popup, 34, EV 73.1 MPH)
Batting: LHB Vince Tilbury 0-0: SINGLE (Groundball, 4MD, EV 101.3 MPH)
Liam Imasa scores
Lúcio Zendejas to second
Runner from 2nd tries for 3rd, SAFE, throw by CF made to third
Vince Tilbury to second
Batting: SHB Aurelio Cruz 0-0: Reached via error on a dropped throw from SS, E3 (Groundball, 6, EV 81.9 MPH)
Lúcio Zendejas scores
Vince Tilbury to third
Batting: LHB Kisuke Kaneko 0-0: Ball
1-0: Ball
2-0: Ball
3-0: Base on Balls
Aurelio Cruz to second
Batting: RHB Juan Geibel 0-0: Fly out, F8 (Flyball, 78D, EV 110.0 MPH)
Bottom of the 7th over - 2 runs, 3 hits, 1 error, 3 left on base; Erie 2 - China Grove 5
TOP OF THE 8TH
Erie Seawolves batting - Pitching for China Grove Samurai : RHP Dave Touchton
Now at 3B: Chris Tollett
Now at SS: Chad Killam
Batting: LHB Josh Hicks 0-0: Called Strike
0-1: Called Strike
0-2: Foul Ball, location: 7LDF
0-2: Foul Ball, location: 2F
0-2: DOUBLE (Line Drive, 9LS, EV 109.4 MPH)
Pitching: RHP Jesús López
Batting: RHB Esteban Reyes 0-0: Ball
1-0: Ball
2-0: Called Strike
2-1: Fly out, F9 (Line Drive, 9, EV 102.5 MPH)
Batting: LHB Clarence Bellotti 0-0: Ball
1-0: Foul Ball, location: 2F
1-1: Fly out, F1 (Line Drive, P, EV 64.4 MPH)
Batting: SHB Dexter Morgan 0-0: Ball
1-0: Ball
2-0: Called Strike
2-1: Foul Ball, location: 2F
2-2: Strikes out looking
Top of the 8th over - 0 runs, 1 hit, 0 errors, 1 left on base; Erie 2 - China Grove 5
BOTTOM OF THE 8TH
China Grove Samurai batting - Pitching for Erie Seawolves : RHP Jim Wratchford
Batting: RHB Sergio Gonzáles 0-0: Called Strike
0-1: Ball
1-1: Foul Ball, location: 9LDF
1-2: Ball
2-2: Strikes out swinging
Batting: SHB Liam Imasa 0-0: Ball
1-0: Ball
2-0: Swinging Strike
2-1: Called Strike
2-2: Foul Ball, location: 2F
2-2: Foul Ball, location: 2F
2-2: Fly out, F4 (Popup, 3D, EV 70.0 MPH)
Batting: RHB Chad Killam 0-0: Foul Ball, location: 9LMF
0-1: SINGLE (Line Drive, 5D, EV 95.0 MPH)
Pitching: RHP Jim Cummings
Batting: RHB Chris Tollett 0-0: Called Strike
0-1: Ball
1-1: Called Strike
1-2: Fielders Choice at 2nd, 6-4 (Groundball, 6, EV 70.6 MPH)
Bottom of the 8th over - 0 runs, 1 hit, 0 errors, 1 left on base; Erie 2 - China Grove 5
TOP OF THE 9TH
Erie Seawolves batting - Pitching for China Grove Samurai : RHP Jesús López
Batting: LHB César Lerma 0-0: Called Strike
0-1: Ground out 2-3 (Groundball, 15S, EV 66.3 MPH)
Batting: RHB Alvin Lizak 0-0: Called Strike
0-1: Swinging Strike
0-2: Strikes out swinging
Batting: RHB Joe Ianniello 0-0: Ball
1-0: Ball
2-0: Called Strike
2-1: Foul Ball, location: 7LDF
2-2: Foul Ball, location: 9LMFF
2-2: Foul Ball, location: 2F
2-2: Ball
3-2: Base on Balls
Batting: RHB Don Lichtenauer 0-0: Called Strike
0-1: Foul Ball, location: 25FF
0-2: Foul Ball, location: 9LDF
0-2: DOUBLE (Line Drive, 78M, EV 101.9 MPH)
Joe Ianniello to third
Pitching: LHP Ed Fish
Batting: SHB Joey Trojanowski 0-0: SINGLE (Line Drive, 8RS, EV 88.8 MPH)
Joe Ianniello scores
Don Lichtenauer to third
Pinch Hitting: RHB Denholm Woods 0-0: Ball
1-0: SINGLE (Groundball, 34D, EV 93.8 MPH)
Don Lichtenauer scores
Joey Trojanowski to second
Runner from 2nd tries for 3rd, SAFE, throw by RF made to third
Denholm Woods to second
Batting: RHB Esteban Reyes 0-0: Intentional Walk
Batting: LHB Clarence Bellotti 0-0: Ball
1-0: Ball
2-0: Called Strike
2-1: DOUBLE (Groundball, 3L, EV 106.3 MPH)
Joey Trojanowski scores
Denholm Woods scores
Esteban Reyes to third
Runner from 3rd tries for Home, SAFE, throw by RF to trailing runner, SAFE at third!
Batting: SHB Dexter Morgan 0-0: Ground out 5-3 (Groundball, 56, EV 80.0 MPH)
Top of the 9th over - 5 runs, 4 hits, 0 errors, 1 left on base; Erie 7 - China Grove 5
BOTTOM OF THE 9TH
China Grove Samurai batting - Pitching for Erie Seawolves : RHP Jim Cummings
Pitching: RHP Curt Pope
Now at 2B: Ed Brochin
Now in LF: César Lerma
Now in RF: Jeff Cain
Pinch Hitting: SHB Andy Dahm 0-0: Ball
1-0: Ball
2-0: Ball
3-0: Called Strike
3-1: Base on Balls
Batting: LHB Vince Tilbury 0-0: Called Strike
0-1: Foul Ball, location: 7LDF
0-2: SINGLE (Flyball, 3D, EV 90.6 MPH)
Andy Dahm to second
Batting: SHB Aurelio Cruz 0-0: Called Strike
0-1: Foul Ball, location: 7LDF
0-2: Ball
1-2: Ball
2-2: Fly out, F9 (Flyball, 89M, EV 91.3 MPH)
Batting: LHB Kisuke Kaneko 0-0: Called Strike
0-1: Fly out, F7 (Flyball, 7D, EV 102.5 MPH)
Batting: RHB Juan Geibel 0-0: Foul Ball, location: 5DF
0-1: Ball
1-1: Foul Ball, location: 5FF
1-2: Fly out, F7 (Flyball, 7D, EV 99.4 MPH)
Bottom of the 9th over - 0 runs, 1 hit, 0 errors, 2 left on base; Erie 7 - China Grove 5
Thursday, December 19th , 2024 - OOTP Baseball 25.11 Build 101